 Dungeon Crawl Stone Soup version 0.28-a0-695-gff097466f2 (webtiles) character file.

Game seed: 17468967695190811406

434 kae the Changer (level 6, 0/47 HPs)
             Began as a Draconian Transmuter on Oct 22, 2021.
             Succumbed to a kobold's poison
             ... on level 4 of the Dungeon.
             The game lasted 00:02:48 (5103 turns).

kae the Changer (Draconian Transmuter)              Turns: 5103, Time: 00:02:49

Health: 0/47       AC:  2    Str: 12    XL:     6   Next: 67%
Magic:  7/9        EV: 19    Int: 15    God:
Gold:   115        SH:  0    Dex: 17    Spells: 1/9 levels left

rFire   . . .      SeeInvis .     - Unarmed
rCold   . . .      Faith    .   (shield currently unavailable)
rNeg    . . .      Spirit   .   (armour unavailable)
rPois   x          Reflect  .   (helmet currently unavailable)
rElec   .          Harm     .   (cloak currently unavailable)
rCorr   .          Rampage  .   (gloves currently unavailable)
Will    .....                   (boots currently unavailable)
Stlth   ++........              (no amulet)
HPRegen 0.15/turn               (no ring)
MPRegen 0.11/turn               (no ring)

@: lethally poisoned (0 -> -10), spider-form (expiring)
A: venomous fangs, AC +6, tiny, unfitting armour, (cold-blooded)
a: End Transformation


You were on level 4 of the Dungeon.
You were a venomous arachnid creature.
You visited 1 branch of the dungeon, and saw 4 of its levels.

You collected 115 gold pieces.

Inventory:

Armour
 a - a +2 cloak (melded)
Wands
 d - a wand of digging (7)
 e - a wand of flame (20)
Scrolls
 f - a scroll of amnesia {unknown}
 g - a scroll of identify
Potions
 b - a potion of haste
 c - 2 potions of heal wounds {unknown}
 h - a potion of curing {unknown}


   Skills:
 - Level 1.1 Fighting
 - Level 1.7 Dodging
 + Level 4.7 Unarmed Combat
 - Level 2.0 Spellcasting
 * Level 5.6 Transmutations
 * Level 0.7 Ice Magic
 - Level 2.0 Poison Magic


You had one spell level left.
You knew the following spells:

 Your Spells              Type           Power      Damage    Failure   Level
a - Beastly Appendage     Tmut           36%        N/A       9%          1
b - Spider Form           Tmut/Pois      6%         N/A       32%         3
c - Ice Form              Ice/Tmut       11%        N/A       73%         4

Your spell library contained the following spells:

 Spells                   Type           Power      Damage    Failure   Level
 Wereblood                Tmut           18%        N/A       11%         2
 Ensorcelled Hibernation  Hex/Ice        4%         N/A       50%         2
 Slow                     Hex            1%         N/A       54%         2
 Blade Hands              Tmut           9%         N/A       73%         5
 Confusing Touch          Hex            1%         N/A       75%         3
 Portal Projectile        Hex/Tloc       2%         N/A       75%         3
 Vampiric Draining        Necr           0%         2d6       75%         3
 Excruciating Wounds      Necr           0%         N/A       100%        5


Dungeon Overview and Level Annotations

Branches:
Dungeon (4/15)
 Temple: D:4-7

Altars:
Cheibriados


Innate Abilities, Weirdness & Mutations

You are a venomous arachnid creature.
You have poisonous fangs.
You are tiny and dextrous.
Your spellcasting is less reliable in this form.
Your armour is entirely melded.
You are incapable of wielding weapons or throwing items.
((Your plain brown scales are hard. (AC +6)))
You cannot fit into any form of body armour.
((You are cold-blooded and may be slowed by cold attacks.))


Message History

Done exploring.
Done exploring.
Casting: Spider Form (dangerous; 14% risk of failure)
Confirm with . or Enter, or press ? or * to list all spells.
You turn into a venomous arachnid creature.
Your +2 cloak melds into your body.
You climb downwards.
There is a stone staircase leading up here.
The kobold throws a poisoned dart.
The poisoned dart hits you!
You are poisoned.
You feel very sick.
The kobold throws a poisoned dart.
The poisoned dart hits you!
You are more poisoned.
You feel extremely sick. The gnoll closely misses you.
The kobold closely misses you.
You hit the kobold but do no damage.
The kobold is poisoned.
You feel very sick.
The gnoll hits you from afar with a +0 spear.
The kobold misses you.
You are too injured to fight recklessly!
You are too injured to fight recklessly!
You are too injured to fight recklessly!
You are too injured to fight recklessly!
You are too injured to fight recklessly!
You are too injured to fight recklessly!
You hit the kobold but do no damage.
You feel very sick.
The gnoll hits you from afar with a +0 spear!
* * * LOW HITPOINT WARNING * * *
You barely miss the kobold.
* * * LOW HITPOINT WARNING * * *
You feel very sick.
You kill the kobold!
The gnoll closely misses you.
* * * LOW HITPOINT WARNING * * *
You feel very sick.
Your transformation is almost over.
* * * LOW HITPOINT WARNING * * *
You feel very sick.
You die...

#.. #.. #.. #.. ##..
###### ##... #....#
.8#....####....##
.......(...(..s.######
.##########...........
#....####### #..g.#
###)...# ##......##
#..#.....#### .
##.##.........
..#######..##...#..###


You could see a gnoll.

Vanquished Creatures
  Grinder (D:3)
  2 phantoms
  3 gnolls
  2 worms
  A dart slug (D:3)
  5 orcs (D:3)
  8 bats
  6 endoplasms
  2 giant cockroaches (D:3)
  5 goblins
  9 hobgoblins
  9 kobolds
  4 quokkas
  3 ball pythons
  A frilled lizard (D:3)
  2 rats
63 creatures vanquished.

Vanquished Creatures (others)
  A demonic plant (D:2)
1 creature vanquished.

Grand Total: 64 creatures vanquished

Notes
Turn   | Place    | Note
-------+----------+-------------------------------------------
     0 | D:1      | kae the Draconian Transmuter began the quest for the Orb.
     0 | D:1      | Reached XP level 1. HP: 16/16 MP: 3/3
   345 | D:1      | Reached XP level 2. HP: 23/23 MP: 3/5
   726 | D:1      | Reached skill level 3 in Transmutations
  1664 | D:2      | Found a faded altar of an unknown god.
  1664 | D:2      | Noticed a hellwing
  1688 | D:2      | Noticed a phantom
  1716 | D:2      | Killed a phantom
  1717 | D:2      | Reached skill level 4 in Transmutations
  1717 | D:2      | Reached XP level 3. HP: 7/28 MP: 4/6
  1717 | D:2      | Reached XP level 4. HP: 9/35 MP: 4/7
  1721 | D:2      | Learned a level 3 spell: Spider Form
  3085 | D:3      | Noticed Grinder
  3087 | D:3      | Noticed a phantom
  3425 | D:3      | Found a snail-covered altar of Cheibriados.
  3847 | D:3      | Killed a phantom
  3848 | D:3      | Reached skill level 1 in Poison Magic
  3848 | D:3      | Reached XP level 5. HP: 20/40 MP: 6/8
  4003 | D:3      | Paralysed by Grinder for 4 turns
  4013 | D:2      | Learned a level 4 spell: Ice Form
  4194 | D:3      | Paralysed by Grinder for 4 turns
  4210 | D:3      | Killed Grinder
  4211 | D:3      | Reached skill level 5 in Transmutations
  4211 | D:3      | Reached XP level 6. HP: 25/47 MP: 7/9
  5102 | D:4      | HP: 2/47 [poisoned by a kobold]
  5103 | D:4      | Succumbed to a kobold's poison

Illustrated notes

Levels and vault maps discovered:
D:1:      lightli_arrival_isolated_outpost, layout_basic
D:2:      layout_basic, dreamdust_ecumenical_altar_sealed_demon
D:3:      layout_loops_ring, lemuel_round_altar, uniq_grinder
D:4:      layout_rooms, nemelex_dance_club_becter,
          nicolae_sif_muna_condensation, nicolae_qazlal_scattered_showers,
          jmf_multi_god_temple, minmay_temple_entry_statues

Skill      XL: |  1  2  3  4  5 |
---------------+----------------+-----
Transmutations | 4 5 |  5.6
Unarmed Combat | 4 |  4.7
Poison Magic   | 1 2 |  2.0
Fighting       | |  1.1
Dodging        | |  1.7
Spellcasting   | |  2.0
Ice Magic      | |  0.7

Action                   |  1- 3 |  4- 6 || total
-------------------------+-------+-------++-------
Melee: Unarmed           |   105 |   137 ||   242
       Headbutt          |     7 |     2 ||     9
       Tailslap          |     9 |     6 ||    15
       Punch             |     1 |     1 ||     2
       Kick              |     6 |    16 ||    22
 Cast: Beastly Appendage |    14 |    22 ||    36
       Ice Form          |       |     1 ||     1
       Spider Form       |       |     5 ||     5
  Use: Scroll            |     2 |     3 ||     5
       Potion            |     1 |       ||     1
Armor: Skin              |    51 |    40 ||    91
Dodge: Dodged            |    74 |   108 ||   182

Table legend: (Time is in decaauts)
 A = Elapsed time spent in this place.
 B = Non-inter-level travel time spent in this place.
 C = Inter-level travel time spent in this place.
 D = Time resting spent in this place.
 E = Time spent auto-exploring this place.
 F = Levels seen in this place.
 G = Mean time per level.
                   A        B        C        D        E       F      G
               +--------+--------+--------+--------+--------+-----+--------+
         Total |   5092 |   4892 |    200 |    515 |   3665 |   4 | 1273.0 |
       Dungeon |   5092 |   4892 |    200 |    515 |   3665 |   4 | 1273.0 |
               +--------+--------+--------+--------+--------+-----+--------+

Top non-repeatable levels by time:
     D:3: 1773 daAuts
     D:2: 1623 daAuts
     D:1: 1528 daAuts
     D:4: 166 daAuts
